 Dungeon Crawl Stone Soup version 0.31-a0-177-g4aa6249778 (webtiles) character file.

Game seed: 16197455334503621972

57 qw the Shooter (level 4, 0/39 HPs)
             Began as a Naga Hunter on June 18, 2023.
             Succumbed to a water moccasin's poison
             ... on level 3 of the Dungeon.
             The game lasted 00:00:32 (1591 turns).

qw the Shooter (Naga Hunter)                        Turns: 1591, Time: 00:00:33

Health: 0/39       AC:  2    Str: 19    XL:     4   Next: 0%
Magic:  4/4        EV:  9    Int:  9    God:
Gold:   122        SH:  0    Dex: 17    Spells: 3/3 levels left

rFire   . . .        Y - +0 shortbow
rCold   . . .        (shield currently unavailable)
rNeg    . . .        c - +0 leather armour
rPois   +            (no helmet)
rElec   .            (no cloak)
rCorr   .            (no gloves)
SInv    +            (no barding)
Will    .....        e - amulet of regeneration
Stlth   ++           b - +6 ring of strength
HPRegen 1.06/turn    (no ring)
MPRegen 0.09/turn

%: no passive effects
@: lethally poisoned (0 -> -3), about to teleport, very slow
A: AC +1, large, see invisible, deformed body, poison resistance, slowness 2,
spit poison 1, naga tail 1
a: Spit Poison


You were on level 3 of the Dungeon.
You visited 1 branch of the dungeon, and saw 3 of its levels.

You collected 122 gold pieces.


Innate Abilities, Weirdness & Mutations

Your serpentine skin is tough. (AC +1)
You have supernaturally acute eyesight. (SInv)
Armour fits poorly on your strangely shaped body.
Your system is resistant to poisons. (rPois)
You cover ground very slowly.
You can spit poison.
You have a snake-like lower body.


   Skills:
 + Level 2.0 Fighting
 - Level 5.0 Ranged Weapons
 - Level 1.5 Dodging
 - Level 1.5 Stealth


You had 3 spell levels left.
You didn't know any spells.
Your spell library was empty.

Inventory:

Hand Weapons
 Y - a +0 shortbow (weapon)
Armour
 c - a +0 leather armour (worn)
Jewellery
 b - a +6 ring of strength (left hand)
 e - an amulet of regeneration (around neck)
Scrolls
 f - 2 scrolls of identify
Potions
 d - a potion of ambrosia {unknown}
 h - a potion of enlightenment {unknown}
 j - a potion of curing
 k - a potion of haste {unknown}

Dungeon Overview and Level Annotations

Branches:
Dungeon (3/15)

Altars:


Message History

There is a stone staircase leading down here.
You climb downwards.
There is a stone staircase leading up here.
Waypoint 2 assigned to D:3.
You now have 122 gold pieces (gained 8).
a - a scroll of teleportation
f - 2 scrolls of identify (gained 1)
You open the door.
A water moccasin comes into view.
You shoot an arrow. The arrow hits the water moccasin.
The water moccasin is lightly wounded.
You shoot an arrow.
The arrow barely misses the water moccasin.
You shoot an arrow. The arrow misses the water moccasin.
You shoot an arrow. The arrow hits the water moccasin.
The water moccasin is moderately wounded.
The water moccasin bites you!
You shoot an arrow. The arrow hits the water moccasin!
The water moccasin is heavily wounded.
The water moccasin bites you but does no damage.
The water moccasin misses you.
You shoot an arrow.
The arrow barely misses the water moccasin.
The water moccasin bites you.
You shoot an arrow. The arrow misses the water moccasin.
The water moccasin bites you! The water moccasin barely misses you.
You shoot an arrow. The arrow hits the water moccasin.
The water moccasin is severely wounded.
The water moccasin bites you!
You are poisoned.
The water moccasin poisons you! The water moccasin bites you!
1590 ||| READING scroll of teleportation.
As you read the scroll of teleportation, it crumbles to dust.
You feel strangely unstable.
You feel very sick. The water moccasin bites you.
You shoot an arrow.
The arrow hits the water moccasin but does no damage.
The water moccasin is severely wounded.
You die...

.... ...
#.. #..
#.# #.#
#######S##
#......@.#
#........#
#........#
#........#
#........#
#........#
#######.##
#######
#.#
#.....#
#.#


You could see a water moccasin.

Vanquished Creatures
  An adder (D:2)
  2 dart slugs
  3 endoplasms
  2 giant cockroaches (D:1)
  3 goblins (D:1)
  3 hobgoblins
  6 kobolds
  3 quokkas
  5 ball pythons
  7 bats
  A frilled lizard (D:1)
  6 rats
42 creatures vanquished.

Notes
Turn   | Place    | Note
-------+----------+-------------------------------------------
     0 | D:1      | qw the Naga Hunter began the quest for the Orb.
     0 | D:1      | Reached XP level 1. HP: 19/19 MP: 1/1
     0 | D:1      | 0 ||| qw: Version: 0.3-a-7-ge0c9b40
     0 | D:1      | 0 ||| qw: Game counter: 772
     0 | D:1      | 0 ||| qw: Always use a shield: true
     0 | D:1      | 0 ||| qw: God list: Okawaru
     0 | D:1      | 0 ||| qw: Allow faded altars: false
     0 | D:1      | 0 ||| qw: Do Orc after D:15 true
     0 | D:1      | 0 ||| qw: Do second Lair branch before Depths: true
     0 | D:1      | 0 ||| qw: Lair rune preference: random
     0 | D:1      | 0 ||| qw: Plans: Normal
     0 | D:1      | 0 ||| PLANNING D:1-11
    43 | D:1      | 43 ||| INVOKING Spit Poison.
    49 | D:1      | 49 ||| INVOKING Spit Poison.
    98 | D:1      | 98 ||| INVOKING Spit Poison.
   106 | D:1      | 106 ||| INVOKING Spit Poison.
   138 | D:1      | Reached skill level 4 in Ranged Weapons
   138 | D:1      | Reached XP level 2. HP: 26/26 MP: 2/2
   148 | D:1      | 148 ||| INVOKING Spit Poison.
   154 | D:1      | 154 ||| INVOKING Spit Poison.
   190 | D:1      | 190 ||| INVOKING Spit Poison.
   228 | D:1      | 228 ||| INVOKING Spit Poison.
   347 | D:1      | 347 ||| INVOKING Spit Poison.
   374 | D:1      | 374 ||| INVOKING Spit Poison.
   415 | D:1      | 415 ||| INVOKING Spit Poison.
   450 | D:1      | Reached XP level 3. HP: 32/32 MP: 3/3
   471 | D:1      | 471 ||| INVOKING Spit Poison.
   719 | D:1      | 719 ||| READING scroll labelled KUNUMP ZOADOR XUL.
   820 | D:1      | 820 ||| READING scroll labelled BEFRUD ZAI.
   821 | D:1      | 821 ||| READING 2 scrolls labelled QIAHEXUNETU.
   822 | D:1      | 822 ||| READING scroll labelled QYULIO GUNESCHEEK.
   826 | D:1      | 826 ||| READING scroll labelled MUASIZXOSASI.
   827 | D:1      | 827 ||| DRINKING 2 sapphire potions.
   828 | D:1      | 828 ||| DROPPING scroll of butterflies.
   829 | D:1      | 829 ||| DROPPING scroll of amnesia.
   830 | D:1      | 830 ||| DROPPING potion of invisibility.
   864 | D:2      | 864 ||| INVOKING Spit Poison.
   873 | D:2      | 873 ||| INVOKING Spit Poison.
   911 | D:2      | 911 ||| INVOKING Spit Poison.
   916 | D:2      | 916 ||| INVOKING Spit Poison.
  1077 | D:2      | 1077 ||| INVOKING Spit Poison.
  1109 | D:2      | 1109 ||| INVOKING Spit Poison.
  1112 | D:2      | 1112 ||| INVOKING Spit Poison.
  1121 | D:2      | 1121 ||| INVOKING Spit Poison.
  1216 | D:2      | Found a faded altar of an unknown god.
  1320 | D:2      | 1320 ||| INVOKING Spit Poison.
  1347 | D:2      | 1347 ||| INVOKING Spit Poison.
  1348 | D:2      | Reached skill level 5 in Ranged Weapons
  1401 | D:2      | Reached XP level 4. HP: 39/39 MP: 4/4
  1456 | D:2      | 1456 ||| UPGRADING to amulet of regeneration.
  1461 | D:2      | 1461 ||| UPGRADING to +6 ring of strength.
  1462 | D:2      | 1462 ||| DROPPING ring of wizardry.
  1463 | D:2      | 1463 ||| READING scroll labelled XIMARI MUSKUXEADD.
  1480 | D:2      | 1480 ||| READING 2 scrolls labelled GYQ MAOWOIM.
  1481 | D:2      | 1481 ||| READING scroll labelled LAUK RO PERE.
  1482 | D:2      | 1482 ||| DRINKING 2 dark potions.
  1581 | D:3      | Noticed a water moccasin
  1589 | D:3      | HP: 6/39 [water moccasin (8)]
  1590 | D:3      | 1590 ||| READING scroll of teleportation.
  1590 | D:3      | HP: 2/39 [water moccasin (2)]
  1591 | D:3      | Succumbed to a water moccasin's poison

Levels and vault maps discovered:
D:1:      dpeg_arrival_round_b, layout_basic, st_stairs_7,
          chequers_serial_rivers_large_a
D:2:      cheibrodos_old_hovel, layout_loops_ring,
          shapermc_ecumenical_altar_ellora, nicolae_titane
D:3:      layout_basic, mainiacjoe_overflow_small_starburst

Skill      XL: |  1  2  3 |
---------------+----------+-----
Ranged Weapons | 4 5 |  5.0
Fighting       | |  2.0
Dodging        | |  1.5
Stealth        | |  1.5

Action                     |  1- 3 |  4- 6 || total
---------------------------+-------+-------++-------
   Fire: Shortbow          |    64 |     9 ||    73
Ability: Spit Poison       |    22 |       ||    22
    Use: Scroll            |     5 |     4 ||     9
         Potion            |     1 |     1 ||     2
 Armour: Leather armour    |     6 |     1 ||     7
  Dodge: Dodged            |    16 |     2 ||    18

Table legend:
 A = Non-vault XP
 B = Vault XP
 C = Vault XP percentage of total XP
 D = Non-vault monster count
 E = Vault monster count
 F = Vault count percentage of total count
                 A         B        C        D         E       F
            +---------+---------+-------+---------+---------+-------
      Total |      77 |       5 |   6.1 |      39 |       3 |   7.1
            +---------+---------+-------+---------+---------+-------
        D:1 |      38 |       3 |   7.3 |      22 |       2 |   8.3
        D:2 |      39 |       2 |   4.9 |      17 |       1 |   5.6
            +---------+---------+-------+---------+---------+-------
